Cogmind - Beta 16 @@@ ROGUE MODE // 2025.10.25 @ 08:09:17 Player: Moodge Result: Destroyed by G-47 Trooper with Particle Gun Performance ------------- Evolutions (0) 0 Regions Visited (1) 200 Robots Destroyed (1) 5 Value Destroyed (34) 34 Prototype IDs (0) 0 Alien Tech Used (0) 0 Bonus (0) 0 TOTAL SCORE: 239 Bonus ------- None Cogmind --------- Core Integrity 0/250 Matter 296/300 Energy 250/250 System Corruption 0% Temperature Cool (9) Movement Treading (160) Location -10/Materials Parts ------- > --- POWER (1) -------- Ion Engine > --- PROPULSION (2) --- Light Treads Light Treads > --- UTILITY (2) ------ Small Storage Unit > --- WEAPON (2) ------- (None) > --- INVENTORY (8) ---- Light Ion Engine Compact Wheel Compact Wheel Compact Wheel Seismic Detector Peak State ------------ > --- POWER ------------ Light Ion Engine > --- PROPULSION ------- Aluminum Leg Aluminum Leg > --- UTILITY ---------- Small Storage Unit Improved Terrain Scanner > --- WEAPON ----------- Assault Rifle > --- INVENTORY -------- Ion Engine Light Ion Engine Light Treads Light Treads Compact Wheel Compact Wheel Seismic Detector [Rating: 8] Favorites ----------- Power Ion Engine Engine Ion Engine Propulsion Aluminum Leg Treads Light Treads Leg Aluminum Leg Utility Small Storage Unit Device Improved Terrain Scanner Storage Small Storage Unit Weapon Assault Rifle Energy Gun EM Pulse Gun Ballistic Gun Assault Rifle Build | -11 -10 ------- Run | Yrd Mat Slots Evolved . | . . Power . | . . Propulsion . | . . Utility . | . . Weapon . | . . Parts Attached 12 | 8 4 Power 3 | 2 1 Engine 3 | 2 1 Core . | . . Reactor . | . . Propulsion 4 | 2 2 Treads 2 | . 2 Leg 2 | 2 . Wheel . | . . Hover . | . . Flight . | . . Utility 2 | 1 1 Device 1 | . 1 Storage 1 | 1 . Processor . | . . Hackware . | . . Protection . | . . Artifact . | . . Weapon 3 | 3 . Energy Gun 1 | 1 . Energy Cannon . | . . Ballistic Gun 2 | 2 . Ballistic Cannon . | . . Launcher . | . . Special Weapon . | . . Impact Weapon . | . . Slashing Weapon . | . . Piercing Weapon . | . . Special Melee Weapon . | . . Unidentified Prototypes . | . . Parts Lost 8 | 3 5 Power 2 | 1 1 Propulsion 2 | . 2 Utility 1 | . 1 Weapon 3 | 2 1 Highest Loss Streak 3 | 2 3 To Critical Strikes . | . . Average Backups 7 | 7 7 Power 1 | 1 1 Propulsion 5 | 5 4 Utility . | . 1 Weapon . | . . Tool/Special . | . . Unused Backups 4 | . 4 Power 1 | . 1 Propulsion 3 | . 3 Utility . | . . Weapon . | . . Tool/Special . | . . Average Slot Usage (%) 79 | . 79 Engine 13 | . 13 Treads 1 | . 1 Leg 26 | . 26 Device 13 | . 13 Storage 14 | . 14 Ballistic Gun 11 | . 11 Peak Build Rating 8 | 6 8 Average Rating 5 | 3 7 On Entrance 3 | . 6 Avg Prop Armor Cover (%) . | . . Naked Turns . | . . Heaviest Build 14 | 14 11 Greatest Support 40 | 20 40 Greatest Overweight (x) 4 | 4 1 Average Overweight (x) 2 | 2 . Largest Inventory Capacity 8 | 8 8 Average Capacity 7 | 7 8 Most Carried 8 | 8 8 Average Carried 7 | 7 6 Final Capacity 8 | 8 8 Final Carried 8 | 8 5 Class Distribution -------------------- 100% | Mutant Dominant Class ---------------- Mutant | -10/Materials Resources | -11 -10 ----------- Run | Yrd Mat Matter Collected 358 | 325 33 Remotely . | . . Salvage Created 155 | 105 50 Parts 2 | . 2 Haulers Intercepted . | . . Recyclers Shooed . | . . Parts Field Recycled . | . . Retrieved Matter . | . . Parts Self-Destructed . | . . Prevented . | . . Parts Restored . | . . Kills | -11 -10 ------- Run | Yrd Mat Combat Hostiles Destroyed 8 | 7 1 Guns 8 | 7 1 Classes Destroyed 2 | 1 1 Grunt 1 | . 1 Assembled 7 | 7 . Best Kill Streak 5 | 5 1 Combat Bots Only 5 | 5 1 Max Kills in Single Turn 1 | 1 1 Gunslinging . | . . Exploded . | . . Melee . | . . Uniques/NPCs Destroyed . | . . Combat | -11 -10 -------- Run | Yrd Mat Hostile Shots Fired 75 | 24 51 Missed 18 | 7 11 Hits 57 | 17 40 Melee 8 | 8 . Projectile 49 | 9 40 Critical Strikes 3 | 1 2 Part Disruptions 1 | 1 . Damage Taken 1022 | 363 659 Core 260 | 57 203 Absorbed by Shields . | . . Core Remaining (%) 77 | 77 . Volleys Fired 32 | 20 12 Largest 2 | 2 1 Hottest 60 | 60 20 Shots Fired 34 | 22 12 Gun 34 | 22 12 Cannon . | . . Launcher . | . . Special . | . . Kinetic 32 | 20 12 Thermal . | . . Explosive . | . . Electromagnetic 2 | 2 . Robot Hit Streak 12 | 12 9 Robot Miss Streak 1 | 1 1 Penetration Max . | . . Secondary Targets . | . . Shots Hit Robots 29 | 19 10 Core Hits 17 | 14 3 Critical Kills . | . . Critical Parts Destroyed . | . . Critical Strikes . | . . Melee Attacks . | . . Impact . | . . Slashing . | . . Piercing . | . . Sneak Attacks . | . . Combat Hostiles . | . . Follow-up Attacks . | . . Damage Inflicted 352 | 218 134 Guns 341 | 218 123 Cannons . | . . Explosions . | . . Melee . | . . Ramming 11 | . 11 Kinetic 319 | 196 123 Thermal . | . . Explosive . | . . Electromagnetic 22 | 22 . Impact . | . . Slashing . | . . Piercing . | . . Highest Corruption . | . . Average Corruption . | . . Corruption Purged . | . . Corruption Blocked . | . . Overload Shots . | . . Overflow Damage . | . . Projectiles . | . . Explosions . | . . Melee . | . . Knockbacks . | . . Impact . | . . Kinetic . | . . Secondary . | . . Self-Inflicted Damage . | . . Shots . | . . Rammed 6 | . 6 Targets Rammed 6 | . 6 Kicked . | . . Crushed . | . . Highest Temperature 8 | 5 8 Average Temperature 5 | 5 5 Received Heat Transfer 425 | 80 345 Siege Activations . | . . Martial Activations . | . . Shielding Activations . | . . Robots Disrupted . | . . Combat Hostiles . | . . Robots Corrupted . | . . Combat Hostiles . | . . Parts Fried . | . . Impact Corruptions . | . . Robots Melted . | . . Combat Hostiles . | . . Parts Melted . | . . Heat Transferred . | . . Parts Sabotaged . | . . Parts Stolen . | . . Parts Stripped . | . . Power Chain Reactions . | . . Alert | -11 -10 ------- Run | Yrd Mat Maximum Alert Level . | . . Low Security (%) 100 | 100 100 Level 1 . | . . Level 2 . | . . Level 3 . | . . Level 4 . | . . Level 5 . | . . High Security . | . . Max Security . | . . Peak Influence 20 | . 20 Initial . | . . Average . | . . Influence Increases 24 | . 24 Destroy 0b10 Robot/C 20 | . 20 Successful Hack 4 | . 4 Influence Decreases 24 | . 24 Lost Part 24 | . 24 Squads Dispatched 1 | . 1 Investigation 1 | . 1 Extermination . | . . Reinforcement . | . . Assault . | . . Garrison . | . . Intercept . | . . Searches Triggered . | . . Construction Impeded . | . . Haulers Reinforced . | . . Active Scanning Responses . | . . Cargo Convoy Interrupts . | . . Stealth | -11 -10 --------- Run | Yrd Mat Distress Signals 1 | . 1 Communications Jammed . | . . Distress Signals . | . . Times Spotted 13 | 7 6 Peak Tracking Total 5 | 2 5 Tactical Retreats . | . . Traps | -11 -10 ------- Run | Yrd Mat Traps Triggered 1 | . 1 Indirectly . | . . Trap Hack Attempts . | . . Triggered . | . . Disarmed . | . . Reprogrammed . | . . Reused . | . . Traps Extracted . | . . Installed . | . . Triggered . | . . Machines | -11 -10 ---------- Run | Yrd Mat Machines Disabled . | . . Max in Single Turn . | . . Machines Repaired . | . . Machines Dismantled . | . . Machines Sabotaged . | . . Overloaded Fab Kills . | . . Hacking | -11 -10 --------- Run | Yrd Mat Machines Accessed 1 | . 1 Terminals 1 | . 1 Fabricators . | . . Repair Stations . | . . Recycling Units . | . . Scanalyzers . | . . Garrison Access . | . . Total Hacks 2 | . 2 Successful 2 | . 2 Failed . | . . Catastrophic . | . . Database Lockouts . | . . Manual . | . . Terminals 2 | . 2 Fabricators . | . . Repair Stations . | . . Recycling Units . | . . Scanalyzers . | . . Garrison Access . | . . Terminal Hacks 2 | . 2 Locate Traps 1 | . 1 Dispatch Records 1 | . 1 Fabricator Hacks . | . . Repair Station Hacks . | . . Recycling Unit Hacks . | . . Scanalyzer . | . . Garrison Access Hacks . | . . Unauthorized Hacks . | . . Terminals . | . . Fabricators . | . . Repair Stations . | . . Recycling Units . | . . Scanalyzers . | . . Garrison Access . | . . Data Cores Recovered . | . . Used . | . . Hacking Detections 1 | . 1 Full Trace Events . | . . Feedback Events . | . . Feedback Blocked . | . . Robot Schematics Acquired . | . . Robots Built . | . . Authchips . | . . Time . | . . Total Robot Build Rating . | . . Part Schematics Acquired . | . . Parts Built . | . . Authchips . | . . Time . | . . Total Part Build Rating . | . . Part Studies Acquired . | . . Parts Repaired . | . . Time . | . . Parts Recycled . | . . Recycled Matter . | . . Retrieved Matter . | . . Retrieved Components . | . . Parts Scanalyzed . | . . Part Schematics Acquired . | . . Parts Damaged . | . . Bothacking | -11 -10 ------------ Run | Yrd Mat Used RIF Installer . | . . Robots Hacked . | . . Non-combat . | . . Combat . | . . Robot Hacks Applied . | . . Relay Couplers Released . | . . Fabnet Peak Effective % . | . . Robots Rewired . | . . Allies Hacked . | . . Hacks Repelled . | . . Allies | -11 -10 -------- Run | Yrd Mat Total Allies . | . . Largest Group . | . . Highest-Rated Group . | . . Highest-Rated Ally . | . . Total Orders . | . . Ally Attacks . | . . Total Damage . | . . Kills . | . . Allies Corrupted . | . . Allies Melted . | . . Intel | -11 -10 ------- Run | Yrd Mat Active Infowar (turns) 461 | . 461 Terrain 461 | . 461 Robot Analysis Total . | . . Derelict Logs Recovered . | . . Drone Launches . | . . Drone Recoveries . | . . Exploration | -11 -10 ------------- Run | Yrd Mat Turns Passed 1582 | 1094 488 Spaces Moved 308 | 226 82 Core 184 | 184 . Treads 4 | . 4 Legs 120 | 42 78 Wheels . | . . Hover . | . . Flight . | . . Fastest Speed 50 | 50 120 Average Speed 181 | 200 130 Slowest Speed 250 | 250 190 Overloaded Moves . | . . Propulsion Burnouts . | . . Robots Hopped . | . . Potential Cave-ins . | . . Cave-ins Triggered . | . . Exploration Rate (%) 19 | 18 21 Regions Visited 1 Branch Regions . Pre-discovered Areas . | . . Known Exits Taken . | . . Unknown Exits Taken 1 | 1 . Scrap Searched . | . . Spaces Dug . | . . Terrain Destroyed . | . . Melee . | . . Projectile . | . . AOE . | . . Terrain Rammed . | . . Walls Destroyed . | . . Machines Disabled . | . . Actions | -11 -10 --------- Run | Yrd Mat Total 1290 | 842 448 Wait 921 | 578 343 Move 307 | 225 82 Hop . | . . Pick Up 12 | 11 1 Fast Attach 5 | 5 . Attach 7 | 3 4 Detach . | . . Swap . | . . Drop . | . . Fire 32 | 20 12 Melee . | . . Ram . | . . Kick . | . . Crush 6 | . 6 Escape Stasis . | . . Rewire . | . . Trap . | . . Miscellaneous . | . . Route ------- -11/Scrapyard -10/Materials (discovered 1 exit: [*Min]) History --------- Turn | Location | Event 28 | -11/Scrapyard | Discovered new exit (range 15) 878 | -11/Scrapyard | Assembled infested the area 1095 | -11/Scrapyard | Entered Materials 1116 | -10/Materials | Build established: Mutant 1531 | -10/Materials | Core integrity fell below 50% 1547 | -10/Materials | Discovered new exit (range 6) 1574 | -10/Materials | Core integrity fell below 20% 1583 | -10/Materials | Destroyed by G-47 Trooper with Particle Gun Last Messages --------------- >>Traps(Locate) Found 2 traps in 2 arrays: 1x Alarm Trap 1x Shock Trap Map updated. >>Enumerate(Squads) Retrieving dispatch records... Found 8 active squads: 3x Surveillance 3x Patrol 2x Transport 01567_ Aluminum Leg destroyed. 01568_ Slammed into G-47 Trooper. 01571_ Critical hit (Burn: +37). 01571_ Slammed into G-47 Trooper. 01573_ Triggered Alarm Trap. 01573_ An alarm sounds. 01573_ ALERT: Alarm triggered, dispatching investigation squad. 01574_ Slammed into G-34 Mercenary. Map ----- +----------------------------------------------------+ | | | | | | | | | | | | | ???##??#???????????????????????????? | | ?#??#????##?#???????#??????????????? | | ????#????????#?????????#???????????? | | ? ?#???##?###????????????????????? | | #?# ?#?###########?????#####???????? | | ?????##?# #????##"""##??????? | | ######### """ #???##"!!!"##?????? | | # # """ #???#"" ""#?????? | | # """ #???# #?????? | | # ##??# < #???#?? | | + #??# #?????? | | # #??# #?????? | | # # #??## #??????? | | ###### #???## ########? | | ###### ###+### ###### # T = #? | | a g g #? | | g# #? | | "" # """ #? | | ########### """ Y" # """ #? | | #####??###### """ ""@ # """ #? | | # ?????# """ ########? | | "" # ????"?# #???????? | | "" # ??"???# #???????# | | "" # ""??# """ #??????? | | + # """ !! #?????#? | | "" # """ + """ ! #??????? | | "" # ??? # #??????? | | "" #? ""? # ^ #??????? | | #? ???# ####+###??????? | | #####???????# #?????????????? | | ???????? ???? #?????????????? | | ????????????? #?????????????? | | ????????????? |? ??????????????? | | ???????????????????????????????????? | | ???????????????????????????????????? | | ???????????????????????????????????? | | ???????????????????????????????????? | | ???????????????????????????????????? | | ???????????????????????????????????? | | ???????????????????????????????????? | | ???????????????????????????????????? | | ???????????????????????????????????? | | ???????????????????????????????????? | | ???????????????????????????????????? | +----------------------------------------------------+ Best States ------------- Heat Dissipation 25 Energy Generation 10 Energy Capacity 250 Matter Stores 300 Matter Capacity 300 Sight Range 16 Terrain Scan Range 16 Terrain Scan Density 10 Evasion (%) 55 Recoil Reduction 2 Item Schematics ----------------- None Robot Schematics ------------------ None Fabricated ------------ Nothing Repaired ---------- Nothing Studied --------- None Alien Tech Used ----------------- None Achievements -------------- Curiosity Killed The Cat Challenges ------------ None Game ------ Seed GuidedThermicCleaver Manual? 0 Play Time 00:09:10 Cumulative 15.5 hours Start 2025.10.25 @ 08:01:06 End 2025.10.25 @ 08:09:17 Sessions 1 Manual Loads 0 Difficulty Rogue Special Mode None Game No. 49 Rogue 49 Adventurer 0 Explorer 0 Win Type - Total 0 Types 0/0/0/0/0/0/0/0/0/0 Lore% 9 Gallery% 19 Achievement% 15 Wizard Run 0 Options --------- Layout 1 ASCII 0 Keyboard 0 Movement Mouse Keybinds 0 Fullscreen 1 Font 32/SmallcapsGlow Map View 50x35 Zoom Use 0% Tactical HUD 1 Map Filters NONE Filters NONE Steam 1 RUN: 857ed799-e824-4c57-b6d9-cccbadf2f668